 Dungeon Crawl Stone Soup version 0.22-a0-248-gc8378ba (webtiles) character file.

10 sankara the Skirmisher (level 2, 0/26 HPs)
             Began as a Hill Orc Fighter on Feb 28, 2018.
             Slain by a kobold (2 damage)
             ... on level 1 of the Dungeon.
             The game lasted 00:01:00 (319 turns).

sankara the Skirmisher (Hill Orc Fighter)            Turns: 319, Time: 00:01:00

Health: 0/26       AC:  6    Str: 18    XL:     2   Next: 20%
Magic:  2/2        EV:  7    Int:  8    God:
Gold:   11         SH:  9    Dex: 10    Spells: 1/1 levels left

rFire    . . .     SeeInvis .   h - -2 hunting sling (curse)
rCold    . . .     Gourm    .   c - +0 shield
rNeg     . . .     Faith    .   b - +0 scale mail
rPois    .         Spirit   .   (no helmet)
rElec    .         Reflect  .   (no cloak)
rCorr    .         Harm     .   (no gloves)
MR       .....                  (no boots)
Stlth    ..........             (no amulet)
HPRegen  0.08/turn              (no ring)
MPRegen  0.08/turn              (no ring)

@: no status effects
A: no striking features
a: no special abilities


You were on level 1 of the Dungeon.
You were not hungry.

You visited 1 branch of the dungeon, and saw 1 of its levels.

You collected 11 gold pieces.

Inventory:

Hand Weapons
 a - a +0 flail
 h - a cursed -2 hunting sling (weapon)
   (You found it on level 1 of the Dungeon)
Missiles
 e - 11 stones (quivered)
Armour
 b - a +0 scale mail (worn)
 c - a +0 shield (worn)
Potions
 d - a potion of might
Comestibles
 f - a ration
 g - a chunk of flesh {@w0}


   Skills:
 - Level 3.6 Fighting
 + Level 3.1 Maces & Flails
 - Level 3.2 Armour
 - Level 3.2 Shields


You had one spell level left.
You didn't know any spells.

Dungeon Overview and Level Annotations

Branches:
Dungeon (1/15)

Altars:


Message History

The dart slug launches a dart at you. The slug dart misses you.
The kobold throws a stone.
You block the stone.
You see here a stone.
The dart slug launches a dart at you. The slug dart hits you!
You see here 3 gold pieces.
You see here 3 gold pieces.
You block the kobold's attack.
Really attack while wielding your cursed -2 hunting sling? [Y]es or [N]o only, please.
Really attack while wielding your cursed -2 hunting sling? [Y]es or [N]o only, please.
Really attack while wielding your cursed -2 hunting sling? [Y]es or [N]o only, please.
Really attack while wielding your cursed -2 hunting sling?
You clumsily bash the kobold but do no damage.
You block the kobold's attack. x2
You clumsily bash the kobold but do no damage.
You block the kobold's attack. The kobold hits you but does no damage.
You clumsily bash the kobold but do no damage.
You block the kobold's attack.
You clumsily bash the kobold but do no damage.
The kobold hits you but does no damage. You block the kobold's attack.
You clumsily bash the kobold but do no damage.
The kobold hits you but does no damage. x2
You barely miss the kobold. The kobold hits you but does no damage.
You clumsily bash the kobold but do no damage.
You block the kobold's attack. The kobold barely misses you.
You miss the kobold. The kobold hits you but does no damage.
You miss the kobold. The kobold hits you but does no damage.
The kobold barely misses you.
You closely miss the kobold. You block the kobold's attack. x2
Your shield and scale mail prevent you from hitting the kobold.
The kobold hits you but does no damage.
You clumsily bash the kobold but do no damage.
You block the kobold's attack. The kobold barely misses you.
You barely miss the kobold. You block the kobold's attack.
Your shield prevents you from hitting the kobold.
The kobold closely misses you. You block the kobold's attack.
Your scale mail prevents you from hitting the kobold.
You block the kobold's attack.
You closely miss the kobold. You block the kobold's attack.
The kobold hits you.
You clumsily bash the kobold but do no damage.
You block the kobold's attack.
You closely miss the kobold. The kobold hits you.
The kobold hits you but does no damage.
You closely miss the kobold. The kobold barely misses you.
You block the kobold's attack.
You clumsily bash the kobold but do no damage.
The kobold hits you but does no damage.
You closely miss the kobold. The kobold hits you.
You block the kobold's attack.
You clumsily bash the kobold but do no damage.
The kobold hits you.
You closely miss the kobold. The kobold hits you but does no damage.
The kobold hits you.
You clumsily bash the kobold but do no damage.
The kobold hits you but does no damage. You block the kobold's attack.
You closely miss the kobold. You block the kobold's attack.
You clumsily bash the kobold but do no damage.
You block the kobold's attack. The kobold hits you.
You barely miss the kobold. The kobold hits you.
You barely miss the kobold. The kobold hits you but does no damage.
You block the kobold's attack.
You clumsily bash the kobold but do no damage.
The kobold hits you.
You closely miss the kobold. The kobold barely misses you.
You block the kobold's attack.
You barely miss the kobold. The kobold barely misses you. x2
You clumsily bash the kobold but do no damage.
The kobold closely misses you.
You closely miss the kobold. The kobold barely misses you.
You block the kobold's attack.
You clumsily bash the kobold but do no damage.
The kobold hits you but does no damage.
You clumsily bash the kobold but do no damage.
The kobold hits you but does no damage. The kobold barely misses you.
You closely miss the kobold. The kobold barely misses you.
You clumsily bash the kobold but do no damage.
You block the kobold's attack. The kobold closely misses you.
You clumsily bash the kobold but do no damage.
You block the kobold's attack. The kobold barely misses you.
You barely miss the kobold. You block the kobold's attack.
Some of the chunks of flesh in your inventory have rotted away.
You barely miss the kobold. The kobold hits you.
The kobold hits you but does no damage.
You clumsily bash the kobold but do no damage.
The kobold hits you.
* * * LOW HITPOINT WARNING * * *
You closely miss the kobold. You block the kobold's attack.
The kobold barely misses you.
You miss the kobold. The kobold hits you but does no damage.
You closely miss the kobold. The kobold hits you.
* * * LOW HITPOINT WARNING * * *
The kobold hits you.
* * * LOW HITPOINT WARNING * * *
You barely miss the kobold. The kobold hits you.
You die...

#(.# #(.# ####..####
##........##
##....[.....##
#....(.......#
#............##.
##########w..............
#.....$.@KK..............
#.##########........#..#
####.#...#### .
###........##
#)...#.#....#
###.......).#.##
###....#.#.#......
........#.....#.###
#....#.#.#.#..#...


You could see a dart slug and 2 kobolds.

Vanquished Creatures
  A bat (D:1)
  A hobgoblin (D:1)
  4 jackals (D:1)
  2 kobolds (D:1)
8 creatures vanquished.

Notes
Turn   | Place    | Note
-------+----------+-------------------------------------------
     0 | D:1      | sankara the Hill Orc Fighter began the quest for the Orb.
     0 | D:1      | Reached XP level 1. HP: 19/19 MP: 1/1
   113 | D:1      | Reached XP level 2. HP: 17/26 MP: 2/2
   117 | D:1      | Reached skill level 3 in Maces & Flails
   315 | D:1      | HP: 6/26 [kobold (2)]
   318 | D:1      | HP: 2/26 [kobold (1)]
   319 | D:1      | Slain by a kobold

Vault maps used:
D:1:      dpeg_arrival_fog, hangedman_decor_riveting, minmay_rat_gold_closets

Skill      XL: |  1  2 |
---------------+-------+-----
Maces & Flails | 3 |  3.1
Fighting       | |  3.6
Armour         | |  3.2
Shields        | |  3.2

Action                   || total
-------------------------++-------
Melee: Flail             ||    20
       Hunting sling     ||    45
 Fire: Hunting sling     ||     8
Armor: Scale mail        ||    29
Dodge: Dodged            ||    28
Block: Shield            ||    44

Table legend:
 A = Spawn XP
 B = Non-spawn XP
 C = Spawn XP percentage of total XP
 D = Spawn monster count
 E = Non-spawn monster count
 F = Spawn count percentage of total count
 G = Total turns spent on level
                    A         B        C        D         E        F      G
               +---------+---------+-------+---------+---------+-------+---------
         Total |       0 |      15 |   0.0 |       0 |       8 |   0.0 |   319
               +---------+---------+-------+---------+---------+-------+---------
           D:1 |       0 |      15 |   0.0 |       0 |       8 |   0.0 |   319
               +---------+---------+-------+---------+---------+-------+---------

Vault maps used:
D:1:      dpeg_arrival_fog, hangedman_decor_riveting, minmay_rat_gold_closets

Table legend:
 A = Turns spent in this place as a percentage of turns spent in the entire game.
 B = Non-inter-level travel turns spent in this place as a percentage of non-inter-level travel turns spent in the entire game.
 C = Inter-level travel turns spent in this place as a percentage of turns spent in this place.
 D = Turns resting spent in this place as a percentage of non-inter-level travel turns spent in this place.
 E = Turns spent auto-exploring this place as a percentage of non-inter-level travel turns spent in this place.
 F = Non-inter-level travel turns spent in this place divided by the number of levels of this place that you've seen.
                   A       B       C       D       E      F
               +-------+-------+-------+-------+-------+----------------------
         Total | 100.0 | 100.0 |   0.0 |  52.0 |  14.4 | 319.0
       Dungeon | 100.0 | 100.0 |   0.0 |  52.0 |  14.4 | 319.0
               +-------+-------+-------+-------+-------+----------------------

Table legend:
 A = Kills in this place as a percentage of kills in entire the game.
 B = Kills by you in this place as a percentage of kills by you in the entire game.
 C = Kills by friends in this place as a percentage of kills by friends in the entire game.
 D = Other kills in this place as a percentage of other kills in the entire game.
 E = Experience gained in this place as a percentage of experience gained in the entire game.
 F = Experience gained in this place divided by the number of levels of this place that you have seen.
                   A       B       C       D       E      F
               +-------+-------+-------+-------+-------+----------------------
         Total | 100.0 | 100.0 |   N/A |   N/A | 100.0 |  15.0
       Dungeon | 100.0 | 100.0 |   N/A |   N/A | 100.0 |  15.0
               +-------+-------+-------+-------+-------+----------------------
